[Event "January 2 Late 2024"]
[Site "https://www.chess.com"]
[Date "2024.01.02"]
[Round "6"]
[White "Gonzalez Zharikov, Andrey"]
[Black "Micic, Aleksa"]
[Result "1/2-1/2"]
[Board "165"]
[TimeControl "180+1"]
[WhiteFideId "5145287"]
[BlackFideId "989940"]
[WhiteElo "2291"]
[BlackElo "2422"]
[WhiteTeam "MEX"]
[BlackTeam "SRB"]
[WhiteClock "0:00:12"]
[BlackClock "0:00:07"]

1. e4 c5 2. Nf3 d6 3. d4 cxd4 4. Qxd4 Nc6 5. Bb5 Bd7 6. Bxc6 bxc6 7. c4 e5 8. Qd3 h6 9. Nc3 Be7 10. Be3 Be6 11. O-O Qa5 12. Rac1 Rb8 13. b3 Nf6 14. Rfd1 Nd7 15. Na4 Nb6 16. Nc3 O-O 17. c5 dxc5 18. Nxe5 c4 19. Nxc6 cxd3 20. Nxa5 Rfc8 21. Rxd3 Bb4 22. Nc4 Nxc4 23. bxc4 Bxc4 24. Rdd1 a5 25. Bf4 Ra8 26. Nd5 Bxa2 27. Nb6 Rxc1 28. Rxc1 Ra6 29. Na4 Bb3 30. Nc5 Bxc5 31. Rxc5 a4 32. Bc7 a3 33. Ra5 Rc6 34. Bf4 a2 35. f3 f6 36. Kf2 Rc2+ 37. Kg3 Rb2 38. Be3 Bc4 39. Bd4 Rc2 40. h4 Bf1 41. Bf2 Kf7 42. h5 Bc4 43. Ra7+ Ke6 44. Bd4 Kd6 45. Kh3 Kc6 46. Rxg7 Ba6 47. Bxf6 Rc1 48. Kh2 Be2 49. Rg6 Kc5 50. Rxh6 Rc2 51. Rg6 Bxf3 52. Kh3 Bxe4 53. Rg5+ Kd6 54. h6 Ke6 55. Bg7 Rc1 56. Re5+ Kf7 57. Rxe4 Rh1+ 58. Kg3 Rxh6 59. Rf4+ Kxg7 60. Ra4 Rg6+ 61. Kf2 Rf6+ 62. Kg1 Rc6 63. Rxa2 Rc1+ 64. Kh2 Rc3 65. Rf2 Rd3 66. Rf3 Rxf3 67. gxf3 Kf6 68. Kg3 Kf5 69. f4 Kf6 70. Kf3 Kf5 71. Ke3 Kf6 72. Ke4 Ke6 73. f5+ Kf6 74. Kf4 Kf7 75. Ke5 1/2-1/2

[Event "January 2 Late 2024"]
[Site "https://www.chess.com"]
[Date "2024.01.02"]
[Round "6"]
[White "MiguelEduardoGB"]
[Black "Esmeraldas Huachi, Anderson"]
[Result "0-1"]
[Board "166"]
[TimeControl "180+1"]
[BlackFideId "3616363"]
[WhiteElo "2202"]
[BlackElo "2394"]
[BlackTeam "ECU"]
[WhiteClock "0:00:00"]
[BlackClock "0:00:51"]

1. Nf3 d5 2. b3 Nf6 3. Bb2 e6 4. e3 Be7 5. Be2 O-O 6. O-O c5 7. d3 b6 8. Nbd2 Bb7 9. h3 Nbd7 10. Ne5 Rc8 11. f4 Rc7 12. Ndf3 Qa8 13. Qe1 b5 14. Qg3 c4 15. Nxd7 Rxd7 16. Ne5 Rc7 17. Bd4 cxd3 18. Bxd3 a6 19. Ng4 Nxg4 20. Qxg4 f6 21. Qxe6+ Rf7 22. Qg4 Bc5 23. Rf3 Bc8 24. Qh5 g6 25. Bxg6 hxg6 26. Qxg6+ Rg7 27. Qe8+ Bf8 28. Bxf6 Rxg2+ 29. Kf1 d4 30. e4 Rf7 31. Qe5 Rg6 32. Bg5 Re6 33. Qd5 Qxd5 34. exd5 Rd6 35. Kf2 Rxd5 36. Rg1 Kh7 37. h4 Bf5 38. Rc1 Rc5 39. Kg3 Rxc2 40. Rg1 Rxa2 41. h5 d3 42. Kh4 d2 43. Re3 Rc2 0-1

[Event "January 2 Late 2024"]
[Site "https://www.chess.com"]
[Date "2024.01.02"]
[Round "6"]
[White "Montano Vicente, Guadalupe"]
[Black "Teimouri Yadkuri, Shahdad"]
[Result "0-1"]
[Board "167"]
[TimeControl "180+1"]
[WhiteFideId "5181399"]
[BlackFideId "42515467"]
[WhiteElo "2160"]
[BlackElo "2394"]
[WhiteTeam "MEX"]
[BlackTeam "IRI"]
[WhiteClock "0:00:00"]
[BlackClock "0:00:54"]

1. d4 Nf6 2. c4 e6 3. Nf3 b6 4. Nc3 Bb7 5. a3 Be7 6. Qc2 d5 7. Bg5 O-O 8. e3 Nbd7 9. Be2 dxc4 10. Bxc4 c5 11. dxc5 Nxc5 12. Rd1 Qc8 13. Be2 h6 14. Bh4 Nce4 15. Rc1 Nxc3 16. Qxc3 Qxc3+ 17. Rxc3 Rac8 18. Rxc8 Rxc8 19. O-O Rc2 20. Bd3 Rxb2 21. a4 Rb4 22. Bc2 Rc4 23. Bb3 Rc3 24. Bd1 Rc4 25. Bb3 Rb4 26. Bd1 Bc6 27. Bg3 Bxa4 28. Nd4 Bxd1 29. Nc6 Rb1 30. Nxe7+ Kh7 31. Nc6 a5 32. Be5 a4 33. Nd4 a3 34. Nf3 a2 35. Nd2 a1=Q 36. Bxa1 Rxa1 37. Nc4 Rb1 38. Nd2 Rc1 39. Nb3 Rc3 0-1

[Event "January 2 Late 2024"]
[Site "https://www.chess.com"]
[Date "2024.01.02"]
[Round "6"]
[White "Sokolov, Andrei"]
[Black "hoshiboshi"]
[Result "1-0"]
[Board "168"]
[TimeControl "180+1"]
[WhiteFideId "11600306"]
[WhiteElo "2356"]
[BlackElo "2154"]
[WhiteTeam "LAT"]
[WhiteClock "0:00:04"]
[BlackClock "0:00:16"]

1. d4 Nf6 2. c4 e6 3. Nf3 d5 4. g3 dxc4 5. Bg2 Nbd7 6. a4 a5 7. O-O Nb6 8. Qc2 Bb4 9. Nbd2 Bxd2 10. Bxd2 O-O 11. e4 Bd7 12. e5 Nfd5 13. Ng5 g6 14. Ne4 Bc6 15. Bh6 Nb4 16. Qe2 Bxe4 17. Bxe4 N6d5 18. Bxf8 Qxf8 19. Qxc4 c6 20. Rac1 Rd8 21. Qc5 Qxc5 22. dxc5 Kf8 23. Rfd1 Ke7 24. Bxd5 cxd5 25. f4 Rc8 26. Kf2 Kd7 27. Ke3 Na6 28. Kd4 Kc6 29. Rd3 Nb4 30. Rb3 Na6 31. Rb5 h5 32. Rxa5 h4 33. Rb5 hxg3 34. hxg3 Rh8 35. Rb6+ Kc7 36. Rb3 Rh2 37. a5 Re2 38. Kd3 Re4 39. Kd2 Ra4 40. c6 bxc6 41. Rb6 Rxa5 42. Rcxc6+ Kd7 43. Rxa6 Rb5 44. Rab6 Ra5 45. Rd6+ Ke7 46. Rb7+ Kf8 47. Rdd7 1-0

[Event "January 2 Late 2024"]
[Site "https://www.chess.com"]
[Date "2024.01.02"]
[Round "6"]
[White "Fareh, Youness"]
[Black "Van der Werf, Mark"]
[Result "0-1"]
[Board "169"]
[TimeControl "180+1"]
[WhiteFideId "9000526"]
[BlackFideId "1000470"]
[WhiteElo "2031"]
[BlackElo "2333"]
[WhiteTeam "MAR"]
[BlackTeam "NED"]
[WhiteClock "0:00:19"]
[BlackClock "0:00:12"]

1. Nf3 g6 2. c4 Bg7 3. Nc3 c5 4. g3 Nc6 5. Bg2 e6 6. O-O Nge7 7. Rb1 d5 8. cxd5 exd5 9. d4 cxd4 10. Nb5 Nf5 11. Bf4 O-O 12. Nc7 Rb8 13. Nb5 Ra8 14. Nc7 Rb8 15. Nb5 a6 16. Bxb8 axb5 17. Bf4 h6 18. Qb3 b4 19. Rfd1 Be6 20. a3 bxa3 21. bxa3 Na5 22. Qb5 Nc4 23. Qxb7 Nxa3 24. Ra1 Nc4 25. Ra7 g5 26. Bc7 Qd7 27. g4 Ne7 28. Nxd4 Bxg4 29. Bg3 Qxb7 30. Rxb7 Ng6 31. Bxd5 Nce5 32. Nc6 Nxc6 33. Bxc6 Bxe2 34. Re1 Bg4 35. Bd5 h5 36. Bd6 Rd8 37. Bxf7+ Kh7 38. Bg3 h4 39. Bb8 Nf8 40. Bb3 Bf3 41. Be5 Bxb7 42. Bxg7 Kxg7 43. Re7+ Kf6 44. Rxb7 Rd7 45. Rb6+ Ke5 46. Kg2 Rd6 47. Rb5+ Kf6 48. Rb8 Ng6 49. Rg8 Nf4+ 50. Kf3 Rd3+ 51. Kg4 Rxb3 52. Rf8+ Kg7 53. Rf5 Ne6 54. Re5 Rb6 55. Kf5 Nd4+ 56. Kxg5 Nf3+ 57. Kf5 Nxe5 58. Kxe5 Rg6 59. f4 Rg2 60. h3 Rg3 61. f5 Rxh3 62. f6+ Kf7 0-1

[Event "January 2 Late 2024"]
[Site "https://www.chess.com"]
[Date "2024.01.02"]
[Round "6"]
[White "Achuthan, Aryan"]
[Black "Dmitriev, Sergey"]
[Result "0-1"]
[Board "170"]
[TimeControl "180+1"]
[WhiteFideId "30982294"]
[BlackFideId "14101785"]
[WhiteElo "2323"]
[BlackElo "2009"]
[WhiteTeam "USA"]
[BlackTeam "UKR"]
[WhiteClock "0:00:00"]
[BlackClock "0:00:51"]

1. d4 d6 2. c4 g6 3. Nc3 Bg7 4. e4 Nf6 5. Nge2 O-O 6. f3 Nc6 7. Be3 e5 8. d5 Ne7 9. g4 Nd7 10. Ng3 f5 11. gxf5 gxf5 12. Nxf5 Nxf5 13. exf5 Rxf5 14. Bd3 Rf8 15. Qe2 Qh4+ 16. Bf2 Qf4 17. Be4 Nf6 18. Be3 Qh4+ 19. Bf2 Qf4 20. Be3 Qh4+ 21. Kd2 Nxe4+ 22. fxe4 Bg4 23. Qe1 Qh3 24. Qg3 Rf3 25. Qxh3 Rxh3 26. Raf1 Rf8 27. Rxf8+ Kxf8 28. Rf1+ Ke7 29. Bg5+ Ke8 30. Rf2 Rf3 31. Rxf3 Bxf3 32. Ke3 Bg4 33. Nb5 Kd7 0-1

[Event "January 2 Late 2024"]
[Site "https://www.chess.com"]
[Date "2024.01.02"]
[Round "6"]
[White "Mazi, Leon"]
[Black "Carrillo Marval, Maria Angelica"]
[Result "1-0"]
[Board "171"]
[TimeControl "180+1"]
[WhiteFideId "14600315"]
[BlackFideId "3911853"]
[WhiteElo "2472"]
[BlackElo "2119"]
[WhiteTeam "SLO"]
[BlackTeam "PAN"]
[WhiteClock "0:01:42"]
[BlackClock "0:00:09"]

1. e4 c5 2. Nf3 d6 3. d4 cxd4 4. Qxd4 Nf6 5. h3 Nc6 6. Qe3 g6 7. Be2 Bg7 8. O-O O-O 9. Rd1 Qc7 10. c4 a5 11. Nc3 Be6 12. Rb1 Rfc8 13. b3 Nd7 14. Bb2 Nde5 15. Ng5 Bd7 16. Nd5 Qd8 17. Nb6 h6 18. Nf3 Nxf3+ 19. Bxf3 Ne5 20. Nxc8 Rxc8 21. Be2 a4 22. Bd4 f5 23. exf5 Bxf5 24. Rbc1 Qf8 25. c5 axb3 26. axb3 Be6 27. f4 dxc5 28. Bxe5 Bxe5 29. Qxe5 Bxb3 30. Rd7 Re8 31. Rxb7 Qf7 32. Rxb3 1-0

[Event "January 2 Late 2024"]
[Site "https://www.chess.com"]
[Date "2024.01.02"]
[Round "6"]
[White "Fernandez Madrid, Carlos"]
[Black "Sreyas Payyappat"]
[Result "1-0"]
[Board "172"]
[TimeControl "180+1"]
[WhiteFideId "2206030"]
[BlackFideId "46674969"]
[WhiteElo "2251"]
[BlackElo "2458"]
[WhiteTeam "ESP"]
[BlackTeam "IND"]
[WhiteClock "0:01:52"]
[BlackClock "0:00:00"]

1. d4 Nf6 2. Nf3 c5 3. g3 e6 4. Bg2 Nc6 5. O-O cxd4 6. Nxd4 d5 7. b3 e5 8. Nxc6 bxc6 9. Bb2 Bd6 10. c4 O-O 11. cxd5 cxd5 12. Nc3 Bb7 13. Nxd5 Rb8 14. Nxf6+ Qxf6 15. Bxb7 Rxb7 16. Qd5 Rd7 17. Rad1 Rfd8 18. Qb5 h6 19. Rd3 Qe7 20. Rfd1 e4 21. Rd5 e3 22. f4 a6 23. Qd3 Qe6 24. Be5 g5 25. Bxd6 gxf4 26. gxf4 Qg4+ 27. Kh1 1-0

[Event "January 2 Late 2024"]
[Site "https://www.chess.com"]
[Date "2024.01.02"]
[Round "6"]
[White "Balla, Tamas-Kristof"]
[Black "Cueto, Jonny"]
[Result "0-1"]
[Board "173"]
[TimeControl "180+1"]
[WhiteFideId "1208497"]
[BlackFideId "3300145"]
[WhiteElo "2457"]
[BlackElo "2238"]
[WhiteTeam "ROU"]
[BlackTeam "BOL"]
[WhiteClock "0:00:01"]
[BlackClock "0:00:04"]

1. e4 e6 2. d4 d5 3. Nd2 Nc6 4. c3 e5 5. exd5 Qxd5 6. Ngf3 exd4 7. Bc4 Qh5 8. cxd4 Bg4 9. O-O Bd6 10. h3 Bxf3 11. Nxf3 Nf6 12. Qb3 O-O 13. Qxb7 Na5 14. Qa6 Rab8 15. Bg5 Nxc4 16. Qxc4 Ne4 17. Be3 Rxb2 18. Ne5 h6 19. Rac1 Rfb8 20. Qd5 Nf6 21. Qa5 Qf5 22. Qxa7 Nd5 23. Nf3 Nxe3 24. fxe3 Qd3 25. Rce1 Bg3 26. Ne5 Qe4 27. Nf3 Bxe1 28. Rxe1 Qg6 29. Nh4 Qf6 30. Nf3 Qg6 31. Nh4 Qc2 32. Rf1 R2b7 33. Qa3 Qe4 34. Nf3 Rb2 35. Ne5 f6 36. Nf3 Qc2 37. Nh4 Qe4 38. Qb3+ R2xb3 39. axb3 Rxb3 40. Nf3 Rb2 41. Kh2 Qc2 42. Rg1 Qf2 43. Nh4 Qxh4 0-1

[Event "January 2 Late 2024"]
[Site "https://www.chess.com"]
[Date "2024.01.02"]
[Round "6"]
[White "Kappeler, Kaspar"]
[Black "Piscicelli, Daniel Orlando"]
[Result "1-0"]
[Board "174"]
[TimeControl "180+1"]
[WhiteFideId "1309072"]
[BlackFideId "101958"]
[WhiteElo "2250"]
[BlackElo "2428"]
[WhiteTeam "SUI"]
[BlackTeam "ARG"]
[WhiteClock "0:00:20"]
[BlackClock "0:00:00"]

1. d4 Nf6 2. c4 g6 3. Nc3 d5 4. cxd5 Nxd5 5. e4 Nxc3 6. bxc3 Bg7 7. Nf3 c5 8. Rb1 Nc6 9. d5 Bxc3+ 10. Bd2 Bxd2+ 11. Qxd2 Na5 12. Bb5+ Bd7 13. Bxd7+ Kxd7 14. O-O b6 15. e5 Kc7 16. Rfd1 Nb7 17. Qf4 Rf8 18. Ng5 h6 19. Nxf7 Qe8 20. d6+ exd6 21. exd6+ Kc8 22. d7+ 1-0

[Event "January 2 Late 2024"]
[Site "https://www.chess.com"]
[Date "2024.01.02"]
[Round "6"]
[White "Sanchez Alvares, Kelvin Antonio"]
[Black "Doublekk14"]
[Result "0-1"]
[Board "175"]
[TimeControl "180+1"]
[WhiteFideId "3906680"]
[WhiteElo "2412"]
[BlackElo "2237"]
[WhiteTeam "VEN"]
[WhiteClock "0:00:00"]
[BlackClock "0:00:12"]

1. e4 c5 2. Nf3 e6 3. d4 cxd4 4. Nxd4 Nf6 5. Nc3 Nc6 6. Nxc6 bxc6 7. e5 Nd5 8. Ne4 f5 9. exf6 Nxf6 10. Nd6+ Bxd6 11. Qxd6 Qe7 12. Bf4 Qxd6 13. Bxd6 Ne4 14. Ba3 d5 15. Bd3 Nf6 16. O-O Kf7 17. Rae1 a5 18. f4 g6 19. Bc5 Ba6 20. Re2 Bxd3 21. cxd3 Rhe8 22. Rfe1 Nd7 23. Bd6 Ra7 24. Rc2 Ra6 25. d4 Nf6 26. Rec1 Rc8 27. b3 Ne4 28. Be5 Ke8 29. a3 Kd7 30. b4 axb4 31. axb4 Rb6 32. Ra2 Rb7 33. Ra6 Nd6 34. Bxd6 Kxd6 35. Rca1 Rxb4 36. Ra7 Rxd4 37. Rxh7 Rxf4 38. Rg7 c5 39. Rxg6 Rc6 40. Re1 Re4 41. Rxe4 dxe4 42. Rg8 Ke5 43. Kf2 c4 44. Rd8 c3 45. Rd1 c2 46. Rc1 Kd4 47. Ke2 Kc3 48. h4 Kb2 49. Kd2 Rd6+ 50. Ke2 Kxc1 0-1

[Event "January 2 Late 2024"]
[Site "https://www.chess.com"]
[Date "2024.01.02"]
[Round "6"]
[White "Andersson, Bjorn 1971"]
[Black "Novak, Ratko"]
[Result "1-0"]
[Board "176"]
[TimeControl "180+1"]
[WhiteFideId "1702114"]
[BlackFideId "14511827"]
[WhiteElo "2230"]
[BlackElo "2373"]
[WhiteTeam "SWE"]
[BlackTeam "CRO"]
[WhiteClock "0:00:09"]
[BlackClock "0:00:00"]

1. e4 d5 2. exd5 c6 3. dxc6 Nxc6 4. Bb5 Qd5 5. Bxc6+ Qxc6 6. Nf3 b6 7. Nc3 Bb7 8. d3 Nf6 9. Be3 e5 10. Qd2 Bd6 11. O-O-O O-O-O 12. a3 Rhe8 13. Ng5 Qc7 14. f3 Bf8 15. Nb5 Qd7 16. Nxa7+ Kb8 17. Bxb6 Nd5 18. Bxd8 Rxd8 19. c4 Kxa7 20. Qa5+ Kb8 21. cxd5 Bxd5 22. Ne4 Ba2 23. Qb6+ Ka8 24. Qa6+ Kb8 25. Kd2 Qd4 26. Rc1 f5 27. Qb5+ Ka8 28. Rc7 Bd5 29. Rhc1 fxe4 30. Rc8+ Rxc8 31. Rxc8+ Ka7 32. Qb8+ Ka6 33. fxe4 Bxe4 34. Rd8 Qf2+ 35. Kc3 Qc5+ 36. Kb3 Bd5+ 37. Rxd5 Qxd5+ 38. Kc3 Qc6+ 39. Kd2 Bd6 40. Qb3 Qb6 41. Qc4+ Kb7 42. b4 Qf2+ 43. Kc3 Qxg2 44. Qf7+ Bc7 45. Qe6 Qc6+ 46. Qxc6+ Kb8 47. a4 1-0

[Event "January 2 Late 2024"]
[Site "https://www.chess.com"]
[Date "2024.01.02"]
[Round "6"]
[White "Akhayan"]
[Black "Rose, Felix"]
[Result "0-1"]
[Board "177"]
[TimeControl "180+1"]
[BlackFideId "5105722"]
[WhiteElo "2369"]
[BlackElo "2225"]
[BlackTeam "MEX"]
[WhiteClock "0:00:31"]
[BlackClock "0:00:04"]

1. e4 e5 2. Bc4 Nf6 3. d3 c6 4. Nf3 d6 5. O-O Be7 6. a4 O-O 7. c3 Bg4 8. Bb3 Na6 9. h3 Bxf3 10. Qxf3 Nc5 11. Bc2 Ne6 12. Nd2 a5 13. Re1 Qc7 14. Nf1 Rfe8 15. Ng3 g6 16. Be3 c5 17. Rad1 h5 18. Bb3 h4 19. Nf1 Qc8 20. Bc1 Nh5 21. Ne3 Nef4 22. Nd5 Nxd5 23. Bxd5 Rf8 24. Be3 Qd7 25. d4 cxd4 26. cxd4 Qxa4 27. dxe5 dxe5 28. Qg4 Kg7 29. Bxb7 Rab8 30. Bd5 Rxb2 31. Bg5 Bxg5 32. Qxg5 Qc2 33. Qxe5+ Kh6 34. Rf1 a4 35. Qd6 Kg7 36. Qe5+ Kh6 37. Qe7 Kg7 38. Rc1 Qd2 39. Qa7 Ng3 40. Rcd1 Qc2 41. Qd4+ Kh7 42. e5 Ne2+ 43. Kh2 Nxd4 44. Rxd4 Qe2 45. Rxh4+ Kg7 46. Bc4 Qxe5+ 0-1

[Event "January 2 Late 2024"]
[Site "https://www.chess.com"]
[Date "2024.01.02"]
[Round "6"]
[White "Guevara Sanchez, Erick Marvin"]
[Black "Gao, Raymond"]
[Result "0-1"]
[Board "178"]
[TimeControl "180+1"]
[WhiteFideId "6700136"]
[BlackFideId "2629429"]
[WhiteElo "2224"]
[BlackElo "2354"]
[WhiteTeam "ESA"]
[BlackTeam "CAN"]
[WhiteClock "0:00:21"]
[BlackClock "0:00:13"]

1. e4 Na6 2. d4 c6 3. Nf3 Nc7 4. c4 d5 5. cxd5 cxd5 6. e5 Bf5 7. Nc3 e6 8. Nb5 Bb4+ 9. Bd2 Bxd2+ 10. Qxd2 Nxb5 11. Bxb5+ Kf8 12. Rc1 Ne7 13. O-O h6 14. Qb4 g5 15. Rc3 Kg7 16. Rfc1 Rc8 17. Rxc8 Nxc8 18. Qc5 Qb6 19. h4 g4 20. Nd2 Qxc5 21. Rxc5 Nb6 22. a4 Rc8 23. Nb3 Bc2 24. Rxc8 Nxc8 25. Na5 a6 26. Be2 Nb6 27. Nxb7 Nxa4 28. b4 Nb6 29. Bxa6 Kg6 30. Be2 h5 31. b5 f6 32. Nd6 fxe5 33. dxe5 d4 34. Kf1 d3 35. Bxd3+ Bxd3+ 36. Ke1 Nc4 37. f4 Nxd6 38. exd6 Bxb5 39. Kd2 Kf5 40. Ke3 Bc6 41. g3 e5 42. fxe5 Kxe5 43. Kd3 Kxd6 44. Kd4 Bf3 45. Ke3 Ke5 46. Kd3 Bd5 47. Ke3 Be4 48. Kd2 Kd4 49. Ke2 Bd5 50. Kd2 Ke4 51. Ke2 Bc4+ 52. Kf2 Kd3 53. Kg2 Ke3 54. Kh2 Bd5 55. Kg1 Kf3 56. Kh2 Be4 57. Kg1 Kxg3 58. Kf1 Kxh4 59. Kg1 Kg5 60. Kh2 h4 61. Kg1 Kf4 62. Kh2 g3+ 63. Kh3 g2 64. Kh2 Ke3 65. Kg1 Ke2 66. Kh2 Kf2 67. Kh3 g1=Q 68. Kxh4 Kf3 69. Kh5 Kf4 70. Kh6 Kf5 71. Kh7 Kf6+ 72. Kh6 Qh1# 0-1

[Event "January 2 Late 2024"]
[Site "https://www.chess.com"]
[Date "2024.01.02"]
[Round "6"]
[White "Jose Iraeta, Alejandro"]
[Black "Kleibel, Uwe"]
[Result "0-1"]
[Board "180"]
[TimeControl "180+1"]
[WhiteFideId "2226537"]
[BlackFideId "1270982"]
[WhiteElo "2211"]
[BlackElo "2335"]
[WhiteTeam "ESP"]
[BlackTeam "GER"]
[WhiteClock "0:00:00"]
[BlackClock "0:00:26"]

1. e4 e5 2. Nf3 Nc6 3. Bb5 a6 4. Ba4 Nf6 5. O-O Be7 6. d3 b5 7. Bb3 O-O 8. c3 d5 9. exd5 Nxd5 10. h3 Kh8 11. Re1 f6 12. Nbd2 Be6 13. Nf1 Bf7 14. Ng3 Qd7 15. Bc2 Rad8 16. Qe2 Rfe8 17. Bd2 Bf8 18. Qf1 f5 19. Ng5 Bg8 20. d4 e4 21. h4 Bd6 22. Qe2 g6 23. h5 e3 24. Bc1 exf2+ 25. Qxf2 Rxe1+ 26. Qxe1 Re8 27. Qf2 Qe7 28. Bd2 f4 29. N3e4 Ne3 30. hxg6 Nxc2 31. gxh7 Bd5 32. Bxf4 Nxa1 33. Bxd6 cxd6 0-1

[Event "January 2 Late 2024"]
[Site "https://www.chess.com"]
[Date "2024.01.02"]
[Round "6"]
[White "Kujawski, Adam"]
[Black "Porat, Tori"]
[Result "0-1"]
[Board "182"]
[TimeControl "180+1"]
[WhiteFideId "1100920"]
[BlackFideId "30982626"]
[WhiteElo "2317"]
[BlackElo "2166"]
[WhiteTeam "POL"]
[BlackTeam "USA"]
[WhiteClock "0:00:01"]
[BlackClock "0:00:17"]

1. d4 d5 2. Bf4 Nf6 3. e3 e6 4. Nf3 Bd6 5. Bg3 O-O 6. Bd3 h6 7. O-O c5 8. c3 Nc6 9. Nbd2 Re8 10. Ne5 Qc7 11. f4 c4 12. Bc2 b5 13. Qf3 b4 14. Bh4 Be7 15. g4 bxc3 16. bxc3 Ne4 17. Nxe4 Bxh4 18. g5 Nxe5 19. fxe5 dxe4 20. Qxe4 Bxg5 21. Qh7+ Kf8 22. Bg6 Bxe3+ 23. Kg2 Bb7+ 24. Kh3 Bc6 25. Qh8+ Ke7 26. Rxf7+ Kd8 27. Qxg7 Qa5 28. Qf6+ Kc8 29. Rf8 Bg5 30. Rxe8+ Bxe8 31. Qxe6+ Bd7 32. Bf5 Bxe6 33. Bxe6+ Kc7 34. Bg4 Qxc3+ 0-1

[Event "January 2 Late 2024"]
[Site "https://www.chess.com"]
[Date "2024.01.02"]
[Round "6"]
[White "KSho99"]
[Black "Silvestre, Christian"]
[Result "1-0"]
[Board "183"]
[TimeControl "180+1"]
[BlackFideId "30956269"]
[WhiteElo "2160"]
[BlackElo "2314"]
[BlackTeam "USA"]
[WhiteClock "0:00:04"]
[BlackClock "0:01:49"]

1. Nf3 c5 2. Nc3 Nf6 3. d4 cxd4 4. Qxd4 Nc6 5. Qh4 d5 6. Bg5 e6 7. O-O-O Be7 8. e4 d4 9. e5 Nd7 10. Bxe7 Qxe7 11. Qxe7+ Kxe7 12. Nxd4 Ndxe5 13. f4 Nxd4 14. Rxd4 Nc6 15. Rd2 h6 16. Be2 g5 17. fxg5 hxg5 18. Ne4 f6 19. Nd6 Rd8 20. Rhd1 Ne5 21. Nf5+ exf5 22. Rxd8 Nc6 23. Rh8 Rb8 24. Bf3 Be6 25. Rxb8 Nxb8 26. Bxb7 Nd7 27. Re1 Kd6 28. Rxe6+ Kxe6 29. Bc8 Kd6 30. Bxd7 Kxd7 31. Kd2 Ke6 32. Ke3 f4+ 33. Kf3 Kf5 34. c4 g4+ 35. Kf2 Ke4 36. b4 Kd4 37. c5 Kd5 38. h4 Ke4 39. h5 g3+ 40. Kf1 f3 41. gxf3+ Kxf3 42. h6 f5 43. h7 f4 44. h8=Q Ke3 45. Qe5+ Kf3 46. Qc3+ Kg4 47. Kg2 f3+ 48. Qxf3+ 1-0

[Event "January 2 Late 2024"]
[Site "https://www.chess.com"]
[Date "2024.01.02"]
[Round "6"]
[White "SkinnyPuppy8"]
[Black "th3d4rkness"]
[Result "0-1"]
[Board "184"]
[TimeControl "180+1"]
[WhiteElo "2295"]
[BlackElo "2152"]
[WhiteClock "0:01:23"]
[BlackClock "0:01:01"]

1. e4 c5 2. Nf3 Nc6 3. d3 g6 4. Be3 d6 5. c3 Bg7 6. h3 Nf6 7. g3 O-O 8. Bg2 Bd7 9. O-O Rb8 10. Qd2 b5 11. a3 a5 12. a4 b4 13. Bh6 Qc8 14. Kh2 Ne5 15. Nxe5 dxe5 16. Bxg7 Kxg7 17. c4 Ne8 18. f4 Qc7 19. b3 exf4 20. gxf4 e5 21. Qb2 f6 22. fxe5 Qxe5+ 23. Qxe5 fxe5 24. Rxf8 Kxf8 25. Nd2 Ke7 26. Nf3 Kd6 27. Ng5 Nf6 28. Rf1 Rf8 29. Kg1 h6 30. Nf3 Nh5 31. Nh4 Nf4 32. Kh2 g5 33. Nf3 Ke6 34. Ne1 Be8 35. Kg3 Ne2+ 36. Kh2 Rxf1 37. Bxf1 Nd4 38. Be2 Nxb3 39. Bd1 Nd4 40. Kg3 b3 41. Nf3 Nxf3 42. Kxf3 b2 43. Bc2 Bxa4 44. Bb1 Bd1+ 45. Ke3 h5 46. Kd2 Bf3 47. Ke3 g4 48. hxg4 hxg4 49. Kd2 a4 50. Ke3 a3 51. Kd2 g3 52. Ke3 Bd1 53. Kd2 Bb3 54. Kc3 a2 55. Kxb2 axb1=Q+ 56. Kxb1 g2 57. Kb2 Bxc4 58. dxc4 g1=Q 59. Kc3 Qe3+ 0-1

[Event "January 2 Late 2024"]
[Site "https://www.chess.com"]
[Date "2024.01.02"]
[Round "6"]
[White "Marino Bravo, Miguel Angel"]
[Black "Nechitaylo, Nikita"]
[Result "1/2-1/2"]
[Board "185"]
[TimeControl "180+1"]
[WhiteFideId "2208970"]
[BlackFideId "34138161"]
[WhiteElo "2149"]
[BlackElo "2294"]
[WhiteTeam "ESP"]
[BlackTeam "UKR"]
[WhiteClock "0:00:14"]
[BlackClock "0:00:01"]

1. d4 Nf6 2. Bf4 e6 3. e3 d5 4. Nf3 Bd6 5. Ne5 O-O 6. Nd2 c5 7. c3 Qc7 8. Bg3 Nbd7 9. f4 b6 10. Bd3 Bb7 11. O-O Ne4 12. Nxe4 dxe4 13. Be2 Rad8 14. Bh4 f6 15. Nxd7 Qxd7 16. Qb3 Kh8 17. Rad1 Qf7 18. Bg4 cxd4 19. Bxe6 Qh5 20. Bf2 d3 21. Rd2 Bc5 22. Qc4 a5 23. b4 Bd6 24. g4 Qh3 25. Bg3 Rfe8 26. bxa5 bxa5 27. Rb1 Ba8 28. Rb5 Rb8 29. a4 Rxb5 30. axb5 h5 31. Bd5 h4 32. Bxa8 hxg3 33. hxg3 Qxg3+ 34. Rg2 Qe1+ 35. Kh2 Rxa8 36. Qc6 Rd8 37. Qb6 Rd7 38. Qc6 Rd8 39. Qxe4 Qh4+ 40. Kg1 Qe1+ 41. Kh2 Qh4+ 42. Kg1 Qe1+ 43. Kh2 1/2-1/2

[Event "January 2 Late 2024"]
[Site "https://www.chess.com"]
[Date "2024.01.02"]
[Round "6"]
[White "Clarke, Matthew"]
[Black "Mesa Cruz, Juan Carlos"]
[Result "1-0"]
[Board "186"]
[TimeControl "180+1"]
[WhiteFideId "3227804"]
[BlackFideId "6423400"]
[WhiteElo "2132"]
[BlackElo "2287"]
[WhiteTeam "AUS"]
[BlackTeam "DOM"]
[WhiteClock "0:00:12"]
[BlackClock "0:00:04"]

1. d4 Nf6 2. c4 e6 3. g3 d5 4. Bg2 Bb4+ 5. Bd2 Be7 6. Nf3 O-O 7. O-O dxc4 8. Qc2 a6 9. a4 Bd7 10. Qxc4 Bb5 11. Qb3 Bxe2 12. Re1 Bxf3 13. Bxf3 Nc6 14. Qxb7 Nxd4 15. Qxa8 Qxa8 16. Bxa8 Nc2 17. Bb7 Nxa1 18. Bxa6 Nb3 19. Bf4 c6 20. Nc3 Nc5 21. Bc4 Rd8 22. Be3 Nd5 23. Bxc5 Bxc5 24. Bxd5 cxd5 25. Rb1 Rb8 26. Nb5 d4 27. b4 Bb6 28. Na3 d3 29. Nc4 Bd4 30. a5 Bc3 31. b5 Rc8 32. a6 Rxc4 33. a7 Ra4 34. b6 h5 35. b7 d2 36. b8=Q+ Kh7 37. Qb3 Rxa7 38. Qxc3 Rd7 39. Qc2+ g6 40. Rd1 h4 41. Rxd2 Re7 42. Qc5 Rb7 43. gxh4 Rb1+ 44. Kg2 Rb8 45. h5 Kh6 46. hxg6 Kxg6 47. Rd7 Rg8 48. Qe7 Rg7 49. Kf1 Kh7 50. Qe8 Kg6 51. Re7 Kf6 52. Qf8 Rh7 53. Rd7 Rg7 54. Rd3 Rh7 55. Rf3+ Kg6 56. Qg8+ Rg7 57. Qf8 Kh7 58. Rh3+ Kg6 59. Rg3+ Kf6 60. Qxg7+ Kf5 61. Qxf7+ Ke4 62. Re3+ Kd4 63. Qxe6 Kc5 64. Qe5+ Kc4 65. Qe4+ Kc5 66. Rc3+ Kb5 67. Qb7+ Ka4 68. Rc6 Ka5 69. Ra6# 1-0

[Event "January 2 Late 2024"]
[Site "https://www.chess.com"]
[Date "2024.01.02"]
[Round "6"]
[White "Petersson, Kjell"]
[Black "Skaric, Djuro"]
[Result "0-1"]
[Board "187"]
[TimeControl "180+1"]
[WhiteFideId "1705148"]
[BlackFideId "934569"]
[WhiteElo "2115"]
[BlackElo "2286"]
[WhiteTeam "SWE"]
[BlackTeam "SRB"]
[WhiteClock "0:00:11"]
[BlackClock "0:01:21"]

1. d4 d6 2. Bf4 g6 3. e4 Bg7 4. Nc3 Nf6 5. Qd2 O-O 6. O-O-O Nc6 7. f3 a6 8. Bh6 e5 9. d5 Ne7 10. h4 Nh5 11. g4 Ng3 12. Rh2 Nxf1 13. Rxf1 f5 14. gxf5 gxf5 15. Rg2 Rf7 16. Bxg7 Rxg7 17. Rxg7+ Kxg7 18. Qg5+ Kf7 19. Nh3 Qg8 20. Qh5+ Qg6 21. Ng5+ Kg7 22. Qxg6+ hxg6 23. Rg1 Bd7 24. h5 Rh8 25. hxg6 Nxg6 26. Ne6+ Bxe6 27. dxe6 f4 28. Nd5 Re8 29. Nxc7 Re7 30. Nd5 Rxe6 31. Kd2 Re8 32. c4 Rh8 33. Ne7 Rh6 34. Rxg6+ Rxg6 35. Nxg6 Kxg6 36. b4 Kf7 37. a4 Ke6 38. Kc3 Kd7 39. c5 dxc5 40. bxc5 Kc6 41. Kc4 a5 42. Kd3 Kxc5 43. Kc3 b5 44. axb5 Kxb5 45. Kb3 a4+ 46. Ka3 Ka5 47. Kb2 Kb4 48. Ka2 a3 49. Kb1 Kb3 50. Ka1 Kc2 51. Ka2 Kd3 52. Kxa3 Ke3 53. Kb3 Kxf3 54. Kc3 Kxe4 55. Kd2 Kf3 0-1

[Event "January 2 Late 2024"]
[Site "https://www.chess.com"]
[Date "2024.01.02"]
[Round "6"]
[White "Desideri, Ricardo Maruchi"]
[Black "Minina, Veronika"]
[Result "1-0"]
[Board "188"]
[TimeControl "180+1"]
[WhiteFideId "2110440"]
[BlackFideId "4174780"]
[WhiteElo "1984"]
[BlackElo "2275"]
[WhiteTeam "BRA"]
[BlackTeam "RUS"]
[WhiteClock "0:01:13"]
[BlackClock "0:00:09"]

1. e4 c5 2. Nf3 Nc6 3. d4 cxd4 4. Nxd4 g6 5. Nc3 Bg7 6. Be3 Nf6 7. Bc4 O-O 8. h4 Ng4 9. Qxg4 Nxd4 10. Qd1 Nc6 11. h5 d6 12. hxg6 hxg6 13. Qd2 Ne5 14. Bb3 Ng4 15. Bf4 Qa5 16. f3 e5 17. Bg5 Nf6 18. Bh6 Nh5 19. Rxh5 Qc5 20. Rh1 1-0